Map: Ever Dream LE

Players

ShoWTimE

  • Race: Protoss Protoss
  • Spawn Location: 1:00

YoutubeTY (TY) - Winner!

  • Race: Terran Terran
  • League: Diamond
  • Spawn Location: 7:00

Event: Shopify TSL 5

VOD

Have the link to the VOD?

Description

Time

  • Played on: May 24, 2020, 11:46 a.m.
  • Length: 13:42

All games in this series

Show
View Real Time Build Order
Export as new Build Order

ShoWTimE Protoss 

Build Orders: 1 Gate Expand, Double Forge, Phoenix Opening, Blink Stalkers 

Get SALT Encoding   

  12  0:00  Probe  
  13  0:12  Probe  
  14  0:18  Pylon  
  14  0:25  Probe (Chrono Boost)  
  15  0:37  Probe (Chrono Boost), Gateway  
  16  0:45  Probe (Chrono Boost)  
  16  0:46  Assimilator  
  17  0:51  Probe  
  18  1:03  Probe  
  19  1:15  Probe  
  20  1:25  Cybernetics Core  
  20  1:35  Nexus  
  20  1:37  Probe  
  21  1:44  Pylon  
  21  1:50  Probe  
  21  1:52  Assimilator  
  22  1:59  Adept (Chrono Boost)  
  22  2:02  Probe  
  22  2:06  Warp Gate  
  25  2:14  Probe (Chrono Boost)  
  28  2:23  Sentry  
  28  2:26  Probe (Chrono Boost)  
  29  2:32  Probe (Chrono Boost)  
  30  2:40  Twilight Council  
  30  2:42  Probe (Chrono Boost)  
  31  2:48  Probe (Chrono Boost)  
  32  2:51  Stalker  
  32  2:55  Gateway  
  32  2:57  Probe (Chrono Boost), Phoenix  
  32  2:58  Probe (Chrono Boost)  
  36  3:03  Probe  
  36  3:04  Probe  
  38  3:09  Blink (Chrono Boost)  
  38  3:15  Probe, Pylon  
  38  3:16  Probe  
  40  3:25  Stalker  
  42  3:27  Probe  
  42  3:29  Probe  
  44  3:40  Probe  
  44  3:41  Probe  
  46  3:52  Probe  
  46  3:53  Probe  
  48  3:55  Nexus  
  48  4:01  Pylon  
  48  4:04  Probe  
  48  4:05  Probe  
  48  4:08  Stalker  
  48  4:09  Stalker  
  54  4:13  Pylon  
  54  4:19  Probe x2  
  54  4:23  Pylon  
  56  4:31  Probe x2, Stalker  
  58  4:33  Stalker  
  58  4:38  Pylon  
  62  4:43  Probe x2  
  62  4:45  Forge  
  64  4:46  Forge  
  64  4:55  Probe x2, Stalker  
  64  4:56  Stalker  
  70  5:03  Pylon  
  70  5:07  Probe  
  71  5:15  Probe  
  72  5:27  Stalker x2  
  71  5:30  Probe  
  68  5:47  Probe  
  68  5:49  Probe  
  69  5:50  Stalker x2  
  69  5:51  Gateway x2  
  69  5:53  Probe, Gateway  
  69  5:55  Assimilator, Protoss Ground Armor Level 1 (Chrono Boost)  
  74  5:59  Probe  
  74  6:01  Probe  
  74  6:03  Protoss Ground Weapons Level 1 (Chrono Boost)  
  76  6:10  Probe  
  75  6:11  Charge (Chrono Boost)  
  75  6:22  Gateway  
  75  6:23  Zealot x2  
  75  6:24  Gateway  
  79  6:26  Pylon  
  79  6:29  Gateway  
  79  6:32  Shield Battery  
  79  6:35  Pylon  
  79  6:36  Robotics Facility  
  79  6:45  Sentry, Zealot x3  
  79  6:46  Assimilator  
  79  6:47  Probe x2  
  89  6:55  Sentry  
  89  7:00  Probe x3, Gateway  
  94  7:04  Pylon  
  94  7:05  Zealot  
  96  7:10  Pylon  
  96  7:12  Pylon, Zealot x3  
  102  7:17  Zealot  
  102  7:20  Sentry  
  106  7:23  Observer (Chrono Boost)  
  107  7:30  Pylon  
  107  7:32  Robotics Bay, Zealot  
  107  7:33  Zealot x3  
  107  7:36  Pylon  
  115  7:39  Zealot x3  
  121  7:45  Warp Prism  
  123  7:58  Zealot x3  
  129  8:04  Zealot x2  
  125  8:16  Zealot x4  
  125  8:18  Disruptor (Chrono Boost)  
  132  8:23  Zealot x3  
  132  8:24  Zealot x2  
  145  8:40  Zealot x4  
  151  8:48  Zealot x5  
  145  8:50  Disruptor (Chrono Boost)  
  118  9:03  Zealot x4  
  118  9:09  Zealot x3  
  132  9:12  Zealot  
  134  9:20  Disruptor (Chrono Boost)  
  134  9:23  Zealot x4  
  132  9:33  Zealot x2  
  132  9:38  Zealot  
  132  9:42  Zealot  
  132  9:53  Zealot x2  
  112  10:03  Zealot x6  
  116  10:07  Zealot  
  116  10:11  Disruptor (Chrono Boost)  
  121  10:16  Zealot  
  121  10:20  Zealot  
  125  10:29  Pylon  
  125  10:31  Protoss Ground Armor Level 2 (Chrono Boost)  
  125  10:32  Templar Archives  
  123  10:53  Nexus  
  117  11:12  Zealot x4  
  119  11:22  Zealot x3  
  121  11:27  Zealot  
  121  11:29  Zealot  
  125  11:34  Observer (Chrono Boost)  
  126  11:42  Pylon  
  126  11:46  Pylon  
  116  12:01  Zealot x2  
  116  12:02  Zealot x2  
  110  12:20  High Templar x4  
  118  12:24  Archon  
  118  12:25  Observer  
  118  12:28  High Templar x4  
  126  12:30  Archon  
  126  12:32  Archon x2  
  126  12:45  Pylon  
  110  13:12  Stalker x7  
Show
View Real Time Build Order
Export as new Build Order

YoutubeTY Terran - Winner!

Build Orders: Liberator Opening 

Get SALT Encoding   

  12  0:01  SCV  
  13  0:13  SCV  
  14  0:17  Supply Depot  
  14  0:25  SCV  
  15  0:39  SCV  
  15  0:40  Barracks  
  16  0:45  Refinery  
  16  0:51  SCV  
  17  1:03  SCV  
  18  1:15  SCV  
  19  1:29  Orbital Command  
  19  1:30  Marine  
  20  1:41  Command Center  
  20  1:48  Barracks Reactor  
  20  1:52  Supply Depot  
  20  1:56  SCV  
  21  2:06  Factory  
  21  2:10  SCV  
  22  2:21  Refinery  
  22  2:22  SCV  
  23  2:24  Marine x2  
  25  2:34  SCV  
  26  2:42  Marine x2  
  28  2:46  SCV  
  28  2:50  Starport  
  31  2:51  Widow Mine  
  31  2:59  Orbital Command  
  31  3:00  SCV  
  31  3:03  Marine  
  33  3:05  Marine  
  36  3:13  SCV, Widow Mine  
  37  3:24  Marine x2  
  37  3:25  SCV  
  40  3:27  SCV  
  40  3:28  Medivac  
  40  3:32  Supply Depot  
  43  3:37  SCV, Factory Tech Lab  
  43  3:39  SCV  
  45  3:44  Marine  
  46  3:53  Marine  
  46  3:54  SCV x2, Supply Depot  
  49  4:00  Siege Tank  
  52  4:06  SCV  
  52  4:07  Supply Depot  
  53  4:11  SCV  
  53  4:16  Marine x2, Liberator  
  59  4:17  Supply Depot  
  59  4:18  SCV  
  59  4:23  SCV  
  61  4:29  Supply Depot  
  61  4:30  SCV  
  62  4:32  Siege Tank  
  62  4:33  Marine x2  
  62  4:36  SCV  
  67  4:49  SCV, Command Center  
  67  4:51  Marine  
  69  4:55  SCV  
  69  4:59  Starport Tech Lab  
  70  5:01  SCV, Marine  
  70  5:05  Siege Tank  
  75  5:09  Marine  
  75  5:10  SCV  
  75  5:13  SCV  
  72  5:22  SCV  
  72  5:24  Marine  
  72  5:25  SCV  
  72  5:27  Marine  
  73  5:31  Barracks x2  
  73  5:33  Refinery  
  73  5:34  SCV, Refinery  
  72  5:37  Raven  
  72  5:39  SCV  
  73  5:43  Marine  
  73  5:45  Marine  
  73  5:47  SCV  
  74  5:53  Barracks  
  74  5:54  Barracks  
  74  5:57  Factory Reactor  
  74  6:00  SCV  
  74  6:01  SCV, Marine  
  74  6:03  Marine  
  74  6:04  Engineering Bay x2  
  78  6:14  Orbital Command  
  78  6:16  SCV x2  
  80  6:19  Marine  
  80  6:20  Marine  
  82  6:27  Starport Reactor, Stimpack, Marauder x2  
  82  6:32  Supply Depot, Terran Infantry Weapons Level 1  
  86  6:34  Terran Infantry Armor Level 1  
  86  6:36  Marine  
  86  6:38  Marine  
  86  6:39  Orbital Command  
  88  6:40  Barracks Tech Lab  
  88  6:47  Supply Depot  
  88  6:48  Supply Depot, Marine x4  
  88  6:49  Supply Depot  
  92  6:54  Marine  
  92  6:56  Marine  
  94  7:02  Marauder, Missile Turret  
  94  7:03  Concussive Shells, Combat Shield  
  94  7:05  Medivac, Marine  
  94  7:06  Marine  
  100  7:11  Medivac, Marine x2  
  100  7:12  Marine  
  100  7:13  SCV x3  
  100  7:14  Marine  
  109  7:23  Missile Turret, Marine x2  
  109  7:24  Marine  
  109  7:28  Marine  
  113  7:31  Marauder, Marine  
  113  7:32  Supply Depot, Marine  
  113  7:35  Medivac  
  113  7:36  Missile Turret  
  119  7:41  Marauder, Marine  
  119  7:42  Marine  
  123  7:46  Supply Depot x2  
  123  7:49  Marine x2  
  123  7:50  Marine  
  126  7:52  Marauder  
  126  7:53  SCV x2  
  126  7:54  SCV  
  131  7:59  Marauder  
  131  8:00  Marine  
  131  8:03  Marauder  
  136  8:07  Marine  
  136  8:09  Marine x2  
  137  8:16  Marauder  
  139  8:21  Marauder  
  139  8:24  Marauder, Marine  
  139  8:25  Marine  
  145  8:27  Marine  
  145  8:39  Marine  
  145  8:40  Marine  
  142  8:43  SCV  
  142  8:44  SCV  
  143  8:52  Marine x2  
  138  9:00  Medivac x2  
  138  9:01  Marauder  
  138  9:02  Marine x2  
  138  9:05  Marine x2  
  140  9:14  SCV x2  
  142  9:22  Marine x2  
  132  9:24  Marine x3  
  132  9:27  SCV x2  
  136  9:36  Marine x2  
  119  9:39  Marine x2  
  119  9:42  Marine x2  
  122  9:47  Armory  
  122  9:49  Marine  
  122  9:51  SCV x2  
  125  9:54  Marine x2  
  125  9:55  Medivac x2  
  125  9:57  Marine  
  125  9:59  Marine x2  
  122  10:12  Marauder  
  122  10:13  Marauder x2, Marine  
  127  10:15  Marine  
  127  10:21  Factory Tech Lab  
  128  10:25  Medivac x2  
  133  10:28  SCV x3  
  133  10:30  Marine x2  
  133  10:31  Marine  
  133  10:35  Supply Depot x2  
  138  10:37  Terran Infantry Weapons Level 2  
  138  10:41  Marine x3  
  141  10:44  Marine  
  141  10:47  Refinery  
  141  10:50  Marine  
  141  10:53  Supply Depot  
  141  10:56  Marine x2  
  141  10:57  SCV x3, Siege Tank  
  149  11:09  SCV x2  
  145  11:14  Marine x2  
  145  11:17  Marauder x3, Marine x2  
  147  11:31  Siege Tank  
  150  11:33  Marine  
  150  11:34  Marine  
  150  11:35  Marine  
  150  11:37  Missile Turret  
  150  11:38  Command Center, Liberator  
  156  11:40  Liberator  
  156  11:45  Marine  
  156  11:46  Marine x2  
  156  11:47  Marine  
  162  11:53  SCV  
  162  12:01  Marine  
  162  12:02  Marine x2  
  162  12:04  Marine  
  162  12:07  Marine x2  
  162  12:08  SCV x2  
  165  12:09  Siege Tank  
  165  12:13  Marine  
  162  12:19  Marine x2  
  162  12:20  Marine  
  165  12:24  Barracks x2  
  165  12:26  Barracks  
  164  12:40  SCV  
  165  12:49  SCV x2, Medivac x2, Siege Tank  
  174  12:51  Marine  
  174  12:52  Marine x2  
  174  12:58  Marauder x2  
  170  13:10  Marine x2  
  170  13:11  Marine x3  
  162  13:19  Marine  
  156  13:20  Marine x2  
Tags
 
Add a new tag
Caveats
  • Supply blocks, unpowered buildings, or Contaminate may cause inaccurate times.
  • Supply counts are checked every 10 seconds.